Replay - Friday Night Starcraft #1 Losers Finals Game 2 - (T)speaknow vs (Z)hydra

Build Order

Get SALT Encoding   

  12  0:00  SCV  
  13  0:13  SCV  
  14  0:17  Supply Depot  
  14  0:25  SCV  
  15  0:38  SCV  
  15  0:40  Barracks  
  16  0:44  Refinery  
  16  0:50  SCV  
  17  1:03  SCV  
  18  1:15  SCV  
  19  1:27  Orbital Command, Reaper  
  20  1:39  Command Center  
  20  1:50  Barracks  
  20  1:53  SCV  
  21  1:59  Barracks Reactor  
  21  2:03  Supply Depot  
  21  2:07  SCV  
  22  2:12  Refinery  
  22  2:19  SCV  
  23  2:27  Factory  
  23  2:32  SCV  
  24  2:37  Marine  
  24  2:38  Marine  
  24  2:40  Barracks Tech Lab  
  24  2:44  SCV  
  27  2:51  Orbital Command  
  27  2:55  Marine x2  
  27  2:56  SCV  
  30  3:01  Stimpack  
  30  3:08  SCV  
  30  3:09  Marine  
  32  3:14  Marine x2  
  34  3:22  Starport, Factory Reactor  
  34  3:25  SCV  
  34  3:26  SCV  
  36  3:32  Marine x2  
  38  3:34  Marine  
  38  3:38  SCV x2  
  41  3:43  Supply Depot  
  41  3:50  SCV  
  41  3:51  Marine x2, SCV  
  41  3:52  Marine  
  46  3:55  Supply Depot  
  46  4:05  SCV x2  
  46  4:06  Medivac x2  
  46  4:09  Marine x2  
  54  4:13  Supply Depot  
  54  4:17  SCV x2  
  56  4:24  Supply Depot  
  56  4:28  Refinery  
  56  4:29  SCV x2  
  56  4:30  Marine x3  
  61  4:36  Factory Reactor, Bunker  
  61  4:42  SCV x2  
  63  4:47  Supply Depot  
  63  4:48  Engineering Bay  
  63  4:51  Engineering Bay  
  63  4:54  Marine x3  
  63  5:12  Marine x2  
  63  5:13  Marine  
  60  5:30  Marine x3  
  60  5:48  Marine  
  60  5:49  Marauder  
Spawning Tool Build Advisor. Get it on Overwolf

Go to:

Details

  • Created by: Divain
  • Published on: Jul 04, 2016
  • Modified on: Jul 04, 2016
  • Patch: Pre-3.8.0
Show
View Real Time Build Order
Export as new Build Order

Comments (0)

There are no comments. Be the first!

Create an account to comment!